 Seeded DCSS version 0.28-a0-1555-g9ae15a6949 (webtiles) character file.

Game seed: 11 (custom seed)

129472 knot the Severer (level 16, -7/104 HPs)
             Began as a Demonspawn Berserker on Jan 19, 2022.
             Was a High Priest of Trog.
             Mangled by a spark wasp (16 damage)
             ... on level 1 of the Spider Nest.
             The game lasted 01:22:12 (37063 turns).

knot the Severer (Demonspawn Berserker)            Turns: 37063, Time: 01:22:13

Health: -7/104     AC: 24    Str: 24    XL:     16   Next: 50%
Magic:  0/16       EV: 11    Int: 15    God:    Trog [*****.]
Gold:   2624       SH:  0    Dex: 16    Spells: 15/15 levels left

rFire   + . .      SeeInvis .   Q - +5 battleaxe (freeze)
rCold   + . .      Faith    +   (shield currently unavailable)
rNeg    . . .      Spirit   +   k - +0 crystal plate armour
rPois   +          Reflect  .   P - +0 hat {Will+}
rElec   .          Harm     .   s - scarf {rC+ rF+}
rCorr   .          Rampage  .   C - +0 pair of gloves of the Lost Path {rPois Dex+2 Slay+3}
Will    ++...                   q - +0 pair of boots
Stlth   ..........              r - amulet of faith
HPRegen 4.27/turn               w - +6 ring of strength
MPRegen 0.30/turn               J - +4 ring of evasion

@: on berserk cooldown
A: powered by death 2, magic shield, magic regeneration, sturdy frame 2,
weakness stinger 2
a: Renounce Religion, Berserk, Trog's Hand, Brothers in Arms


You were on level 1 of the Spider Nest.
You worshipped Trog.
Trog was extremely pleased with you.
You visited 5 branches of the dungeon, and saw 25 of its levels.
You also visited: Sewer and Ice Cave.

You collected 4238 gold pieces.
You spent 1614 gold pieces at shops.

Inventory:

Hand Weapons
 K - the +7 spear "Uhapass" {vorpal, Int+4}
   (You found it on level 10 of the Dungeon)

   It inflicts extra damage upon your enemies.
   Int:       It affects your intelligence (+4).
 Q - a +5 battleaxe of freezing (weapon)
Missiles
 a - a boomerang of dispersal
 j - 21 boomerangs (quivered)
 u - 6 javelins
 y - 8 atropa-tipped darts
 E - 26 poisoned darts
 I - a throwing net
 L - 9 curare-tipped darts
Armour
 k - a +0 crystal plate armour (worn)
 o - +0 shadow dragon scales
 q - a +0 pair of boots (worn)
 s - a scarf of resistance (worn)
 C - the +0 pair of gloves of the Lost Path (worn) {rPois Dex+2 Slay+3}
   (You found it on level 10 of the Dungeon)

   Dex:       It affects your dexterity (+2).
   Slay:      It affects your accuracy & damage with ranged weapons and melee
   (+3).
   rPois:     It protects you from poison.
 P - a +0 hat of willpower (worn)
Jewellery
 l - a ring of resist corrosion
 r - an amulet of faith (around neck)
 w - a +6 ring of strength (left hand)
 J - a +4 ring of evasion (right hand)
 N - a ring of protection from cold
 R - the ring of the Prince of Darkness {Fly Stlth+}
   (You found it in an ice cave)

   [ring of flight]

   Fly:       It grants you flight.
   Stlth:     It makes you more stealthy.
Wands
 x - a wand of flame (12)
 z - a wand of mindburst (12)
 H - a wand of acid (14)
 T - a wand of polymorph (21)
 Y - a wand of paralysis (3)
Scrolls
 b - 25 scrolls of identify
 n - 11 scrolls of teleportation
 v - 3 scrolls of fog
 G - a scroll of magic mapping
 M - 3 scrolls of blinking
 S - 5 scrolls of fear
Potions
 c - 7 potions of brilliance
 d - 3 potions of might
 e - 3 potions of resistance
 f - 4 potions of mutation
 g - 5 potions of flight
 i - 2 potions of magic
 m - 2 potions of cancellation
 p - 5 potions of curing
 t - 2 potions of lignification
 D - 3 potions of heal wounds
 F - 3 potions of berserk rage
 Z - 4 potions of haste
Miscellaneous
 h - a tin of tremorstones (2/2)
 A - a lightning rod (4/4)
 B - a box of beasts
 U - a phantom mirror


   Skills:
 - Level 3.0 Fighting
 * Level 20.3 Axes
 - Level 15.5 Throwing
 * Level 11.2 Armour
 - Level 1.7 Dodging


You had 15 spell levels left.
You didn't know any spells.
Your spell library contained the following spells:

 Spells                   Type           Power      Damage    Failure   Level
 Foxfire                  Conj/Fire      0%         2x1d4     98%         1
 Summon Small Mammal      Summ           0%         N/A       98%         1
 Blink                    Tloc           0%         N/A       99%         2
 Scorch                   Fire           0%         2d5       99%         2
 Sublimation of Blood     Necr           0%         N/A       99%         2
 Call Canine Familiar     Summ           0%         N/A       100%        3
 Confusing Touch          Hex            0%         N/A       100%        3
 Conjure Flame            Conj/Fire      0%         6-21      100%        3
 Frozen Ramparts          Ice            0%         1d2       100%        3
 Gell's Gravitas          Tloc           0%         N/A       100%        3
 Inner Flame              Hex/Fire       0%         N/A       100%        3
 Portal Projectile        Hex/Tloc       0%         N/A       100%        3
 Summon Guardian Golem    Hex/Summ       0%         N/A       100%        3
 Teleport Other           Tloc           0%         N/A       100%        3
 Flame Wave               Conj/Fire      0%         2d4       100%        4
 Ice Form                 Ice/Tmut       0%         N/A       100%        4
 Petrify                  Tmut/Erth      0%         N/A       100%        4
 Summon Ice Beast         Ice/Summ       0%         N/A       100%        4
 Alistair's Intoxication  Tmut/Pois      0%         N/A       100%        5
 Blade Hands              Tmut           0%         N/A       100%        5
 Borgnjor's Vile Clutch   Necr/Erth      0%         N/A       100%        5
 Excruciating Wounds      Necr           0%         N/A       100%        5
 Freezing Cloud           Conj/Ice/Air   0%         6-21      100%        5
 Irradiate                Conj/Tmut      0%         3d13      100%        5
 Manifold Assault         Tloc           0%         N/A       100%        5
 Metabolic Englaciation   Hex/Ice        0%         N/A       100%        5
 Summon Forest            Summ/Tloc      0%         N/A       100%        5
 Yara's Violent Unravell  Hex/Tmut       0%         3d3       100%        5
 Dispersal                Tloc           0%         N/A       100%        6
 Eringya's Noxious Bog    Tmut/Pois      0%         N/A       100%        6
 Simulacrum               Ice/Necr       0%         N/A       100%        6
 Summon Cactus Giant      Summ           0%         N/A       100%        6
 Enfeeble                 Hex            0%         N/A       100%        7
 Storm Form               Tmut/Air       0%         N/A       100%        7
 Summon Hydra             Summ           0%         N/A       100%        7
 Polar Vortex             Ice            0%         N/A       100%        9


Dungeon Overview and Level Annotations

Branches:
Dungeon (15/15)            Temple (1/1) D:7            Lair (6/6) D:11
 Shoals (0/4) Lair:3       Spider (1/4) Lair:3        Slime (0/5) Lair:5
    Orc (2/2) D:9             Elf (0/3) Orc:2        Vaults (0/5) D:13
 Depths (0/4) D:15          Sewer (visited)           IceCv (visited)

Altars:
Ashenzari
Cheibriados
Dithmenos
Elyvilon
Fedhas
Gozag
Hepliaklqana
Kikubaaqudgha
Makhleb
Nemelex Xobeh
Okawaru
Qazlal
Ru
Sif Muna
Trog
Uskayaw
Vehumet
Wu Jian
Xom
Yredelemnul
Zin
The Shining One
Jiyva

Shops:
D:9 *   Orc:2 ([:*!

Portals:
Pandemonium: Orc:2

Annotations:
D:7 2 transporters
D:12 2 runed translucent doors


Innate Abilities, Weirdness & Mutations

You regenerate health from kills.
When hurt, damage is shared between your health and your magic reserves.
You regenerate magic rapidly.
Your movements are less encumbered by armour. (ER -4)
You have a tail ending in a sharp stinger.


Message History

You are more confused.
You slash the spark wasp! You freeze the spark wasp.
Your tail-slap misses the spark wasp.
The spark wasp is almost dead.
You closely miss the tarantella. The spark wasp barely misses you.
The tarantella touches you but does no damage.
You closely miss the spark wasp.
Your tail-slap misses the spark wasp.
The spark wasp is almost dead.
You slice the tarantella!! You freeze the tarantella.
You kill the tarantella!
Trog accepts your kill. The spark wasp stings you. The spark wasp shocks you!
You're too confused to move!
You are no longer berserk.
You are exhausted.
You feel yourself slow down.
A radroach comes into view.
The spark wasp bursts into living lightning!
The living lightning hits you!!
* * * LOW HITPOINT WARNING * * *
The spark wasp blinks!
You feel much better. The redback bites you.
The redback bites you but does no damage.
The spark wasp barely misses you.
Your magical effects are unravelling.
You feel magically purged.
You feel yourself speed up.
You feel less confused. The redback bites you.
A redback comes into view.
The moth of wrath closely misses you. The spark wasp stings you!
The spark wasp shocks you!
* * * LOW HITPOINT WARNING * * *
The redback closely misses you.
The redback bites you but does no damage.
The redback completely misses you. The moth of wrath barely misses you.
The redback bites you but does no damage.
The spark wasp stings you!
* * * LOW HITPOINT WARNING * * *
The spark wasp shocks you!
You die...

#...ss..s...###...........#
#...#.B............#####.##
#...#...##...s.........###
#...#>...#.......^..>^..#
#....#....#..B...##...#####
#....#....#.^.....##......#
#....#....#...s....##.....#
#....#...^#..ssy....#...^##
#....#..s@y.#####..##
#....#.†<##....^##.#
#^....#.††.#......###
#..#..#....#.....##
....##.#....#......# #.....
##....#.....## ...^..
..#..##.....# .......
##.#...#....#### .......
###...#^..^...#


You could see a radroach, a spark wasp, a moth of wrath, a culicivora and 4
redbacks.

Vanquished Creatures
  Gastronok (D:12)
  A ghoul (D:14)
  An entropy weaver (Lair:3)
  2 fire dragons (Lair:6)
  5 hydras
  A vault guard (D:13)
  4 boulder beetles
  An ogre mage (D:10)
  4 catoblepae
  2 centaur warriors
  2 demonspawn (Orc:2)
  5 two-headed ogres
  16 death yaks
  5 orc high priests (Orc:2)
  A tengu warrior (D:13)
  A sun moth (Spider:1)
  7 skeletal warriors
  A sixfirhy (Orc:2)
  A swamp dragon (Lair:6)
  A wizard (D:15)
  3 lindwurms (Lair:6)
  4 orc knights
  A necromancer (D:15)
  8 orc sorcerers
  3 wolf spiders
  6 cyclopes
  3 manticores
  A moth of wrath (Spider:1)
  16 elephants
  12 ugly things
  Maurice (D:10)
  A merfolk siren (Lair:3)
  2 naga magi (D:15)
  An ice statue (IceCv)
  A black mamba (Lair:5)
  6 torpor snails
  13 cane toads
  7 rime drakes
  A demonic crawler (Spider:1)
  A kobold demonologist (D:10)
  An efreet (D:14)
  A komodo dragon (shapeshifter) (D:11)
  15 komodo dragons
  A centaur skeleton (D:15)
  3 freezing wraiths
  A guardian mummy (D:14)
  6 trolls
  11 polar bears
  10 hornets
  3 tyrant leeches (Lair:6)
  6 slime creatures (D:12)
  A wolf spider simulacrum (D:15)
  4 tarantellas (Spider:1)
  17 blink frogs
  A dream sheep (Lair:2)
  A meliai zombie (D:15)
  2 jumping spiders
  2 shadows
  67 yaks
  A yak (shapeshifter) (D:10)
  2 culicivoras (Spider:1)
  A vampire (D:13)
  4 wyverns
  7 basilisks
  3 wraiths
  Eustachio (D:4)
  9 redbacks
  3 steam dragons
  3 neqoxecs (Orc:2)
  5 vampire mosquitoes
  5 wargs
  Menkaure (D:7)
  6 acid dragons
  9 water moccasins
  38 orc warriors
  A swamp drake (Lair:6)
  2 sky beasts (D:6)
  4 black bears
  3 ice beasts
  19 wolves
  12 centaurs
  2 necrophages
  13 ogres
  2 phantoms
  4 kobold brigands
  10 bullfrogs
  A wyvern zombie (D:5)
  3 scorpions
  6 gnoll sergeants
  2 wyvern skeletons (D:6)
  15 killer bees
  A wight (D:10)
  An electric eel (Lair:2)
  A howler monkey (D:9)
  10 centaur zombies
  3 jellies
  27 orc priests
  4 gnoll shamans
  3 hounds
  3 bullfrog skeletons
  3 iguanas
  24 orc wizards
  A killer bee zombie (D:7)
  A centaur simulacrum (D:10)
  2 human simulacra (D:14)
  A howler monkey zombie (D:6)
  A mummy (D:14)
  2 howler monkey skeletons (D:6)
  15 gnolls
  5 adders
  7 river rats
  A white imp (D:6)
  A worm (D:2)
  A dart slug (D:3)
  62 orcs
  6 endoplasms
  4 giant cockroaches
  3 goblins
  A hobgoblin (D:2)
  2 jackals (D:2)
  17 kobolds
  A quokka (D:3)
  10 ball pythons
  5 bats
  5 frilled lizards
  16 rats
753 creatures vanquished.

Vanquished Creatures (collateral kills)
  Saint Roka (Orc:2)
  A frost giant (IceCv)
  An ettin (Orc:1)
  Erolcha (D:12)
  A demonspawn (Orc:2)
  Erica (Orc:1)
  An orc high priest (Orc:2)
  A death yak (IceCv)
  2 orc knights (Orc:2)
  2 wolf spiders
  An orc sorcerer (Orc:2)
  A moth of wrath (Spider:1)
  A tengu conjurer (D:13)
  2 polar bears (IceCv)
  2 jumping spiders (Spider:1)
  A yak (IceCv)
  A redback (Spider:1)
  4 orc warriors (Orc:2)
  An ogre (Orc:1)
  2 killer bees (D:6)
  4 orc priests
  10 orcs
42 creatures vanquished.

Vanquished Creatures (others)
  A yak (D:11)
  A wolf (IceCv)
  2 killer bees (D:6)
  A gnoll (D:6)
  25 fungi
  55 plants
  2 withered plants (D:14)
87 creatures vanquished.

Grand Total: 882 creatures vanquished

Notes
Turn   | Place    | Note
-------+----------+-------------------------------------------
     0 | D:1      | knot the Demonspawn Berserker began the quest for the Orb.
     0 | D:1      | Reached XP level 1. HP: 18/18 MP: 1/1
   175 | D:1      | Reached skill level 3 in Axes
   182 | D:1      | Gained mutation: You regenerate a little health from kills.
                  | [demonic ancestry]
   182 | D:1      | Reached XP level 2. HP: 21/24 MP: 2/2
   439 | D:1      | You fall into a shaft and drop 1 floor!
   893 | D:2      | Gained mutation: Your movements are slightly less
                  | encumbered by armour. (ER -2) [demonic ancestry]
   893 | D:2      | Reached XP level 3. HP: 21/29 MP: 3/3
   903 | D:2      | Reached ** piety under Trog
  1399 | D:2      | Reached skill level 4 in Axes
  1673 | D:3      | Found a glowing drain.
  1704 | Sewer    | Entered a sewer
  1856 | Sewer    | Reached XP level 4. HP: 35/35 MP: 4/4
  2347 | Sewer    | Reached skill level 5 in Axes
  3016 | D:3      | Reached XP level 5. HP: 41/41 MP: 5/5
  3143 | D:3      | Found a shadowy altar of Dithmenos.
  3146 | D:3      | Found a bloodstained altar of Trog.
  3147 | D:3      | Found a basalt altar of Yredelemnul.
  3147 | D:3      | Found a radiant altar of Vehumet.
  3147 | D:3      | Found a burning altar of Makhleb.
  3149 | D:3      | Found a broken altar of Ashenzari.
  3150 | D:3      | Found a snail-covered altar of Cheibriados.
  3152 | D:3      | Found a sacrificial altar of Ru.
  3899 | D:3      | Reached skill level 6 in Axes
  4302 | D:4      | Noticed a phantom
  4306 | D:4      | Killed a phantom
  4307 | D:4      | Gained mutation: You have a small tail. [demonic ancestry]
  4307 | D:4      | Reached XP level 6. HP: 47/47 MP: 6/6
  4317 | D:4      | Noticed Eustachio
  4975 | D:4      | Killed Eustachio
  4976 | D:4      | Reached skill level 7 in Axes
  5610 | D:5      | Entered Level 5 of the Dungeon
  5622 | D:5      | Gained mutation: You regenerate health from kills. [demonic
                  | ancestry]
  5622 | D:5      | Reached XP level 7. HP: 40/52 MP: 7/7
  6097 | D:5      | Reached skill level 8 in Axes
  7322 | D:5      | Reached skill level 9 in Axes
  7322 | D:5      | Reached skill level 1 in Throwing
  7322 | D:5      | Reached XP level 8. HP: 41/58 MP: 8/8
  9230 | D:6      | Reached skill level 10 in Axes
  9301 | D:6      | Gained mutation: You regenerate magic rapidly. [demonic
                  | ancestry]
  9301 | D:6      | Reached XP level 9. HP: 63/63 MP: 9/9
 10044 | D:6      | Reached skill level 5 in Throwing
 10422 | D:7      | Found a staircase to the Ecumenical Temple.
 10455 | D:7      | Found a transporter.
 10788 | D:8      | Found an ancient bone altar of Kikubaaqudgha.
 10831 | D:8      | Found a hazy altar of Hepliaklqana.
 10916 | D:8      | Reached skill level 11 in Axes
 11240 | D:8      | Found a hide-covered altar of Uskayaw.
 11965 | D:7      | Paralysed by a hornet for 3 turns
 11971 | D:7      | Reached XP level 10. HP: 70/70 MP: 10/10
 12174 | D:7      | Noticed Menkaure
 12185 | D:7      | Killed Menkaure
 12287 | D:7      | Found a transporter.
 12725 | Temple   | Entered the Ecumenical Temple
 12985 | D:9      | Found Taakeir's General Store.
 13134 | D:9      | Reached *** piety under Trog
 13753 | D:9      | Found a staircase to the Orcish Mines.
 13775 | D:9      | Reached skill level 12 in Axes
 14225 | D:10     | Entered Level 10 of the Dungeon
 14254 | D:10     | Identified the +0 pair of gloves of the Lost Path {rPois
                  | Dex+2 Slay+3}
 14511 | D:10     | Noticed a two-headed ogre
 14521 | D:10     | Killed a two-headed ogre
 14882 | D:10     | Noticed an orange demon
 14883 | D:10     | Noticed a smoke demon
 14885 | D:10     | Gained mutation: When hurt, damage is shared between your
                  | health and your magic reserves. [demonic ancestry]
 14885 | D:10     | Reached XP level 11. HP: 66/75 MP: 11/11
 14925 | D:10     | Reached skill level 13 in Axes
 15218 | D:10     | Noticed a green ugly thing
 15218 | D:10     | Noticed an orc knight
 15414 | D:10     | Identified the +7 spear "Uhapass" {vorpal, Int+4}
 15518 | D:10     | Killed a green ugly thing
 15519 | D:10     | Reached skill level 10 in Throwing
 15686 | D:10     | Killed an orc knight
 15858 | D:10     | Noticed an ogre mage
 15912 | D:10     | Killed an ogre mage
 15912 | D:10     | Reached **** piety under Trog
 16011 | D:10     | Noticed a two-headed ogre
 16016 | D:10     | Killed a two-headed ogre
 16094 | D:10     | Noticed Maurice
 16134 | D:10     | Killed Maurice
 17054 | D:11     | Reached skill level 14 in Axes
 17315 | D:11     | Noticed a boulder beetle
 17349 | D:11     | Killed a boulder beetle
 17488 | D:11     | Gained mutation: Your movements are less encumbered by
                  | armour. (ER -4) [demonic ancestry]
 17488 | D:11     | Reached XP level 12. HP: 55/81 MP: 8/12
 17610 | D:11     | Found a staircase to the Lair.
 18151 | Lair:1   | Entered Level 1 of the Lair of Beasts
 18454 | Lair:1   | Noticed a death yak
 18455 | Lair:1   | Noticed a death yak
 18460 | Lair:1   | Noticed a death yak
 18462 | Lair:1   | Killed a death yak
 18465 | Lair:1   | Killed a death yak
 18471 | Lair:1   | Killed a death yak
 18521 | Lair:1   | Found a frozen archway.
 18534 | IceCv    | Entered an ice cave
 18558 | IceCv    | Reached skill level 15 in Axes
 18784 | IceCv    | Identified the +2 ring mail of Peek-a-Boo {+Inv rCorr Str-4
                  | SInv}
 18965 | IceCv    | Reached ***** piety under Trog
 19088 | IceCv    | Noticed a death yak
 19088 | IceCv    | Noticed a death yak
 19088 | IceCv    | Noticed a death yak
 19101 | IceCv    | Killed a death yak
 19105 | IceCv    | Killed a death yak
 19111 | IceCv    | Killed a death yak
 19395 | IceCv    | Noticed a death yak
 19395 | IceCv    | Noticed a frost giant
 19399 | IceCv    | Reached XP level 13. HP: 77/86 MP: 11/13
 19406 | IceCv    | Killed a frost giant
 19437 | IceCv    | Identified the ring of the Prince of Darkness {Fly Stlth+}
 19442 | IceCv    | Got the Reference Book on Snow
 20521 | Lair:2   | Reached skill level 16 in Axes
 21816 | Lair:3   | You fall into a shaft and drop 1 floor!
 21853 | Lair:3   | Identified a scroll of acquirement
 21853 | Lair:3   | Acquired 1034 gold pieces
 22157 | Lair:3   | Received a gift from Trog
 22696 | Lair:3   | Found a staircase to the Shoals.
 22910 | Lair:3   | Found a hole to the Spider Nest.
 23676 | Lair:4   | Reached skill level 17 in Axes
 23741 | Lair:4   | Reached XP level 14. HP: 93/93 MP: 14/14
 23781 | Lair:4   | Reached skill level 15 in Throwing
 25794 | Lair:5   | Found a viscous altar of Jiyva.
 25794 | Lair:5   | Found a staircase to the Slime Pits.
 26239 | D:12     | Noticed Erolcha
 26244 | D:12     | Killed Erolcha
 26258 | D:12     | Found an iron altar of Okawaru.
 26550 | D:12     | Noticed Gastronok
 26568 | D:12     | Killed Gastronok
 26778 | D:12     | Found a large runed translucent door.
 26779 | D:12     | Found a large runed translucent door.
 27418 | D:13     | Reached skill level 18 in Axes
 27418 | D:13     | Received a gift from Trog
 27817 | D:13     | Found a gate to the Vaults.
 28385 | D:14     | Reached skill level 5 in Armour
 28644 | Orc:1    | Entered Level 1 of the Orcish Mines
 28668 | Orc:1    | Noticed Erica
 28674 | Orc:1    | Killed Erica
 29031 | Orc:2    | Entered Level 2 of the Orcish Mines
 29235 | Orc:2    | Noticed Saint Roka
 29237 | Orc:2    | Gained mutation: You have a tail ending in a sharp stinger.
                  | [demonic ancestry]
 29237 | Orc:2    | Reached XP level 15. HP: 82/98 MP: 9/15
 29257 | Orc:2    | Killed Saint Roka
 29288 | Orc:2    | Found a staircase to the Elven Halls.
 29339 | Orc:2    | Found Saoge's Weapon Boutique.
 29877 | Orc:2    | Found Mionir's General Store.
 30021 | Orc:2    | Found Unimeel's Distillery.
 30214 | Orc:2    | HP: 1/147 [orc knight (42)]
 30652 | Orc:2    | Reached skill level 19 in Axes
 31242 | Orc:2    | Found Guhyig's Antique Armour Emporium.
 31242 | Orc:2    | Found Foibidgh's Book Shoppe.
 31243 | Orc:2    | Found a one-way gate leading to the halls of Pandemonium.
 31396 | Orc:2    | Bought a potion of cancellation for 112 gold pieces
 31396 | Orc:2    | Bought a potion of cancellation for 112 gold pieces
 31396 | Orc:2    | Bought 2 potions of heal wounds for 140 gold pieces
 31396 | Orc:2    | Bought a potion of might for 56 gold pieces
 31396 | Orc:2    | Bought a potion of curing for 42 gold pieces
 31396 | Orc:2    | Bought a potion of resistance for 140 gold pieces
 31398 | Orc:2    | Bought a +4 ring of evasion for 468 gold pieces
 31431 | Orc:2    | Bought an embroidered cloak for 247 gold pieces
 31431 | Orc:2    | Bought an encrusted scale mail for 297 gold pieces
 31431 | Orc:2    | Identified the +1 scale mail of Satisfaction {+Inv rElec
                  | rF- rCorr Str-2} (You bought it in a shop on level 2 of the
                  | Orcish Mines)
 31684 | Lair:6   | Entered Level 6 of the Lair of Beasts
 31849 | Lair:6   | Received a gift from Trog
 32478 | Lair:6   | Identified the +0 leather armour "Damnable Contraption"
                  | {Will+}
 32520 | Lair:6   | Found a runed translucent door.
 33473 | Lair:6   | Reached XP level 16. HP: 53/104 MP: 9/16
 34060 | D:14     | Reached skill level 10 in Armour
 35195 | D:15     | Entered Level 15 of the Dungeon
 35278 | D:15     | Reached skill level 20 in Axes
 36188 | D:15     | Found a staircase to the Depths.
 36207 | D:15     | Received a gift from Trog
 36424 | Spider:1 | Entered Level 1 of the Spider Nest
 37063 | Spider:1 | Mangled by a spark wasp

Illustrated notes

Levels and vault maps discovered:
D:1:      minmay_arrival_nine_rooms, layout_rooms, basic_ecumenical_altar
D:2:      layout_basic
D:3:      layout_loops_ring, minitemple, portal_sewer_entry_b,
          lemuel_old_faithful
D:4:      layout_basic, uniq_eustachio
D:5:      layout_layer_cave, minivault_24
D:6:      minmay_chambers_of_threes, layout_basic
D:7:      gammafunk_cloud_chamber, layout_loops_cross, lemuel_temple_firewalk_b,
          uniq_menkaure
D:8:      minmay_flawed_box, layout_basic, lemuel_coloured_pillars_altar,
          grunt_temple_overflow_open, serial_aquarium,
          aquarium_bridge_island_small [aquarium_subvault_small_water,
          aquarium_subvault_balcony, aquarium_subvault_balcony,
          aquarium_subvault_bridge, aquarium_subvault_wall],
          aquarium_window_fake, aquarium_window_fake, aquarium_window_fake,
          aquarium_view_2c, aquarium_view_2g, aquarium_pool_double
D:9:      minmay_general_purpose_star, layout_loops_ring,
          kennysheep_orc_monster_closet_entryway, serial_shops,
          nicolae_shop_crystal, minmay_misc_feat_nine_boxes,
          hangedman_decor_points
D:10:     minmay_the_grid_net [minmay_the_grid_outer_diamond,
          minmay_the_grid_minigrid_medium, minmay_the_grid_spikes,
          minmay_the_grid_slots, minmay_the_grid_small_cups,
          minmay_the_grid_prize_inner_circle], layout_stronghold, uniq_maurice
D:11:     layout_roguey, david_lair_generic
D:12:     okawaru_arena_lexackson, layout_gridville, okawaru_ov_weapons_minmay,
          uniq_gastronok, uniq_erolcha
D:13:     layout_rooms, david_vaults_5, minmay_misc_feat_five
D:14:     layout_irregular_city, minmay_misc_feat_roman, serial_undead,
          serial_undead_b, serial_undead_e, serial_undead_c, serial_undead_f,
          bh_circular_ruins
D:15:     grunt_enter_depths_magical_seal, layout_long_grid
Temple:   zaba_magenta_temple
Lair:1:   layout_small_grid, portal_ice_cave_rime
Lair:2:   layout_regular_city, chequers_serial_rivers_micro_b,
          nicolae_lair_grazing_beasts [nicolae_sub_lair_graze_edge,
          nicolae_sub_lair_graze_edge, nicolae_sub_lair_graze_edge,
          nicolae_sub_lair_graze_edge], lemuel_fruit_tree, wad_woods_river_01,
          infiniplex_staircase_pool_2
Lair:3:   layout_regular_city, elwin_shoals_entry_rooms,
          spider_nest_entry_funnel_web, grunt_megastairs_1
Lair:4:   beast_lair_carwin_large_1, layout_gridlike, nzn_random_ring
Lair:5:   layout_regular_city, dpeg_slime_entry_enclosed_altar
Lair:6:   wormcave, layout_loops_ring, guppyfry_lair_end_dragon,
          grunt_megastairs_2, infiniplex_staircase_pool, serial_bayou_shore_b
Spider:1: layout_spider_delve, beargit_elvish_explorers
Orc:1:    layout_caves, uniq_erica
Orc:2:    pf_orc_diabolical, layout_caves, serial_shops,
          nicolae_shop_bloodbath_and_beyond, uniq_saint_roka

Skill      XL: |  1  2  3  4  5  6  7  8  9 10 11 12 13 14 15 16 |
---------------+-------------------------------------------------+-----
Axes           | 3 4 5 6 7 9 10 11 12 14 15 17 18 19 20 | 20.3
Throwing       | 1 4 7 9 11 13 14 15 | 15.5
Armour         | 5 9 11 | 11.2
Fighting       | |  3.0
Dodging        | |  1.7

Action                   |  1- 3 |  4- 6 |  7- 9 | 10-12 | 13-15 | 16-18 || total
-------------------------+-------+-------+-------+-------+-------+-------++-------
Melee: Hand axe          |    14 |       |   182 |       |       |       ||   196
       Punch             |     2 |     1 |     3 |     2 |     1 |       ||     9
       Dagger            |   112 |   176 |    65 |       |       |       ||   353
       Tailslap          |       |     9 |    37 |    82 |   144 |    39 ||   311
       War axe           |       |       |    65 |   227 |       |       ||   292
       Battleaxe         |       |       |       |   308 |   770 |   193 ||  1271
       Spear             |       |       |       |       |    10 |       ||    10
Throw: Dart              |       |     1 |     6 |    45 |   123 |     6 ||   181
       Boomerang         |       |       |    38 |    11 |   301 |    22 ||   372
       Throwing net      |       |       |       |     1 |       |       ||     1
       Javelin           |       |       |       |       |    15 |       ||    15
Invok: Berserk           |     1 |     5 |    17 |    12 |    14 |     5 ||    54
       Trog's Hand       |       |     1 |     5 |       |       |       ||     6
       Brothers in Arms  |       |       |       |     1 |    14 |     2 ||    17
Evoke: Wand              |       |       |     6 |    11 |     6 |       ||    23
  Use: Potion            |     2 |     7 |     4 |     3 |     7 |     2 ||    25
       Scroll            |     2 |     6 |     5 |     5 |     7 |     6 ||    31
 Stab: Sleeping          |     1 |     1 |       |       |       |       ||     2
       Invisible         |       |       |     2 |       |       |       ||     2
       Distracted        |       |       |       |       |     1 |       ||     1
Armor: Animal skin       |    31 |     9 |       |       |       |       ||    40
       Ring mail         |       |    33 |    62 |       |       |       ||    95
       Skin              |       |     1 |       |       |       |       ||     1
       Crystal plate arm |       |       |    73 |   361 |   399 |   166 ||   999
       Ice dragon scales |       |       |       |    53 |    16 |       ||    69
Dodge: Dodged            |    93 |   113 |   135 |   164 |   239 |    96 ||   840

Table legend: (Time is in decaauts)
 A = Elapsed time spent in this place.
 B = Non-inter-level travel time spent in this place.
 C = Inter-level travel time spent in this place.
 D = Time resting spent in this place.
 E = Time spent auto-exploring this place.
 F = Levels seen in this place.
 G = Mean time per level.
                   A        B        C        D        E       F      G
               +--------+--------+--------+--------+--------+-----+--------+
         Total |  37328 |  35274 |   2054 |  10466 |  19627 |  27 | 1382.5 |
       Dungeon |  22567 |  21250 |   1317 |   6528 |  11948 |  15 | 1504.5 |
        Temple |     73 |     54 |     19 |      0 |     50 |   1 |   73.0 |
          Lair |   9712 |   9141 |    571 |   2265 |   5765 |   6 | 1618.7 |
   Spider Nest |    184 |    184 |      0 |      0 |     95 |   1 |  184.0 |
  Orcish Mines |   2778 |   2634 |    144 |    975 |   1007 |   2 | 1389.0 |
         Sewer |    977 |    977 |      0 |    400 |    351 |   1 |  977.0 |
      Ice Cave |   1035 |   1035 |      0 |    297 |    410 |   1 | 1035.0 |
               +--------+--------+--------+--------+--------+-----+--------+

Top non-repeatable levels by time:
    D:10: 2622 daAuts
     D:6: 2419 daAuts
     D:5: 2347 daAuts
   Orc:2: 2134 daAuts
  Lair:3: 2055 daAuts
  Lair:6: 2013 daAuts
     D:4: 1990 daAuts
  Lair:4: 1852 daAuts
     D:9: 1576 daAuts
    D:13: 1568 daAuts
  Lair:1: 1524 daAuts
    D:11: 1407 daAuts
    D:14: 1400 daAuts
     D:7: 1313 daAuts
     D:8: 1309 daAuts
